 Dungeon Crawl Stone Soup version 0.27.1-33-g824d729ab1 (webtiles) character file.

Game seed: 2954701940401357360

1227 djsenpai the Covered (level 8, -4/68 HPs)
             Began as a Minotaur Fighter on Dec 11, 2021.
             Was a Follower of Trog.
             Slain by a two-headed ogre (6 damage)
             ... on level 6 of the Dungeon.
             The game lasted 00:09:58 (4279 turns).

djsenpai the Covered (Minotaur Fighter)             Turns: 4279, Time: 00:09:59

Health: -4/68      AC:  8    Str: 30    XL:     8   Next: 23%
Magic:  7/7        EV:  9    Int:  5    God:    Trog [*.....]
Gold:   128        SH: 11    Dex:  9    Spells: 7/7 levels left

rFire    . . .     SeeInvis .   a - +0 war axe
rCold    + . .     Faith    .   c - +0 kite shield
rNeg     . . .     Spirit   .   b - +0 scale mail
rPois    .         Reflect  .   (helmet restricted)
rElec    .         Harm     .   (no cloak)
rCorr    .         Rampage  .   (no gloves)
Will     .....                  (no boots)
Stlth    ..........             y - amulet of the acrobat
HPRegen  0.21/turn              e - +6 ring of strength
MPRegen  0.10/turn              l - ring of protection from cold

@: no status effects
A: horns 2, retaliatory headbutt
a: Renounce Religion, Berserk


You were on level 6 of the Dungeon.
You worshipped Trog.
Trog was aware of your devotion.
You visited 1 branch of the dungeon, and saw 7 of its levels.

You collected 128 gold pieces.

Inventory:

Hand Weapons
 a - a +0 war axe (weapon)
 w - a +0 flail of draining
Armour
 b - a +0 scale mail (worn)
 c - a +0 kite shield (worn)
Jewellery
 e - a +6 ring of strength (left hand)
 k - a ring of ice
 l - a ring of protection from cold (right hand)
 y - an amulet of the acrobat (around neck)
Wands
 x - a wand of acid (8)
 z - a wand of flame (20)
Scrolls
 f - a scroll of enchant armour {unknown}
 h - 4 scrolls of identify {unknown}
 i - 3 scrolls of teleportation {unknown}
 m - a scroll of holy word {unknown}
 p - 3 scrolls of torment {unknown}
 s - a scroll of blinking {unknown}
 t - 2 scrolls of vulnerability {unknown}
 u - 2 scrolls of enchant weapon {unknown}
 v - a scroll of immolation {unknown}
 A - a scroll of acquirement {unknown}
Potions
 d - 2 potions of might
 g - a potion of brilliance {unknown}
 j - a potion of resistance {unknown}
 n - a potion of flight {unknown}
 o - 3 potions of haste {unknown}
 q - 2 potions of magic {unknown}
 r - a potion of heal wounds {unknown}
 B - a potion of invisibility {unknown}
 C - a potion of cancellation {unknown}


   Skills:
 + Level 5.2 Fighting
 + Level 6.8 Axes
 + Level 7.5 Armour
 + Level 2.1 Dodging
 + Level 0.6 Stealth
 + Level 6.6 Shields


You had 7 spell levels left.
You didn't know any spells.
Your spell library contained the following spells:

 Spells                   Type           Power      Damage    Failure   Level
 Foxfire                  Conj/Fire      0%         2x1d4     96%         1
 Ensorcelled Hibernation  Hex/Ice        0%         N/A       99%         2
 Conjure Flame            Conj/Fire      0%         6-21      100%        3
 Inner Flame              Hex/Fire       0%         N/A       100%        3
 Spider Form              Tmut/Pois      0%         N/A       100%        3
 Shadow Creatures         Summ           N/A        N/A       100%        6


Dungeon Overview and Level Annotations

Branches:
Dungeon (7/15)
 Temple: D:4-7

Altars:
Qazlal
Trog
Vehumet


Innate Abilities, Weirdness & Mutations

You have a pair of horns on your head.
You reflexively headbutt those who attack you in melee.


Message History

You kill the ufetubus!
Trog accepts your kill.
You enter the shallow water.
Moving in this stuff is going to be slow.
You enter the shallow water.
Moving in this stuff is going to be slow.
There is an open door here.
Found a stone staircase leading down.
Found a scroll labelled FOLEWN JAWIODD.
t - 2 scrolls labelled FOLEWN JAWIODD (gained 1)
You open the door.
Found a flail and a crystal dagger.
There is an open door here.
A necrophage comes into view.
A two-headed ogre comes into view. It is wielding two +0 giant clubs.
Found 3 gold pieces.
The two-headed ogre shouts in stereo!
You see here a +0 flail.
The necrophage barely misses you. You furiously retaliate!
You headbutt the necrophage! You slash the necrophage!
You headbutt the necrophage!
You destroy the necrophage!
Trog accepts your kill. The two-headed ogre closely misses you.
The two-headed ogre hits you with a +0 giant club!!
You see here a necrophage corpse.
You slash the two-headed ogre!
The two-headed ogre is moderately wounded.
The two-headed ogre hits you with a +0 giant club!
The two-headed ogre hits you with a +0 giant club.
You see here a +0 flail.
There is an open door here.
You fail to use your ability.
The two-headed ogre barely misses you. You block the two-headed ogre's attack.
You slash the two-headed ogre! You headbutt the two-headed ogre.
The two-headed ogre is heavily wounded.
The two-headed ogre hits you with a +0 giant club!!
* * * LOW HITPOINT WARNING * * *
The two-headed ogre hits you with a +0 giant club.
You die...

.######'#####.#
..............#
#####.........#
#.###.#####
####### #. #.#
..#...######.
#.#
..'..........
#.#
..#...######
#O# .#.#'#.##
#@######
#.#.#.#.#
#......#
.#.#.#.##
##########.#
#.#.#.#.#
#......# #.#
.#.#.#.##
#.####.# #.#
#.#.#.#.# #.#
#.# #.#
.#.#.#.#####.#
#.# #.#
#.#.#.#......#
#.###.##
.#.#.#.#.#####
#......#


You could see a two-headed ogre.

Vanquished Creatures
  A steam dragon (D:7)
  A black bear (D:6)
  An ice beast (D:6)
  2 necrophages
  2 ogres
  A bullfrog (D:7)
  A wyvern zombie (D:7)
  A scorpion (D:4)
  A hound (D:4)
  A jelly (D:6)
  A gnoll shaman (D:7)
  An iguana (D:6)
  An orc wizard (D:3)
  Natasha (thrice) (D:4)
  2 adders
  7 gnolls
  An ufetubus (D:6)
  2 worms
  3 dart slugs (D:1)
  10 orcs
  5 bats
  3 endoplasms
  7 giant cockroaches
  2 goblins
  5 hobgoblins
  3 jackals (D:1)
  5 quokkas
  6 ball pythons
  5 frilled lizards
  7 kobolds
  5 rats
96 creatures vanquished.

Vanquished Creatures (others)
  11 plants
11 creatures vanquished.

Grand Total: 107 creatures vanquished

Notes
Turn   | Place    | Note
-------+----------+-------------------------------------------
     0 | D:1      | djsenpai the Minotaur Fighter began the quest for the Orb.
     0 | D:1      | Reached XP level 1. HP: 19/19 MP: 0/0
   187 | D:1      | Reached skill level 4 in Armour
   187 | D:1      | Reached XP level 2. HP: 18/27 MP: 1/1
  1011 | D:2      | Reached XP level 3. HP: 33/33 MP: 2/2
  1012 | D:2      | Found a faded altar of an unknown god.
  1534 | D:3      | Reached XP level 4. HP: 40/40 MP: 3/3
  1545 | D:3      | Found a bloodstained altar of Trog.
  1561 | D:3      | Became a worshipper of Trog the Wrathful
  2135 | D:4      | Noticed Natasha
  2138 | D:4      | Killed Natasha
  2139 | D:4      | Reached skill level 5 in Shields
  2139 | D:4      | Reached XP level 5. HP: 46/46 MP: 4/4
  2277 | D:4      | Reached * piety under Trog
  2289 | D:4      | Reached skill level 5 in Armour
  2601 | D:4      | Noticed Natasha
  2607 | D:4      | Killed Natasha
  2685 | D:4      | Noticed Natasha
  2693 | D:4      | Killed Natasha
  2694 | D:4      | Reached XP level 6. HP: 28/53 MP: 5/5
  3183 | D:5      | Entered Level 5 of the Dungeon
  3189 | D:5      | Reached skill level 5 in Axes
  3286 | D:5      | You fall into a shaft and drop 2 floors!
  3296 | D:7      | Reached skill level 1 in Dodging
  3511 | D:7      | Reached skill level 6 in Armour
  3511 | D:7      | Reached XP level 7. HP: 60/60 MP: 6/6
  3689 | D:7      | Found a stormy altar of Qazlal.
  3739 | D:7      | Noticed a steam dragon
  3760 | D:7      | Killed a steam dragon
  3761 | D:7      | Reached skill level 5 in Fighting
  3765 | D:7      | Found a radiant altar of Vehumet.
  3946 | D:6      | Reached skill level 7 in Armour
  3954 | D:6      | Reached XP level 8. HP: 68/68 MP: 7/7
  4260 | D:6      | Noticed a two-headed ogre
  4279 | D:6      | HP: 2/68 [two-headed ogre (26)]
  4279 | D:6      | Slain by a two-headed ogre

Illustrated notes

Levels and vault maps discovered:
D:1:      dpeg_arrival_line_fractal, layout_basic
D:2:      layout_rooms, hellmonk_ecumenical_altar_leap_of_faith,
          minmay_misc_feat_roman
D:3:      layout_rooms, mainiacjoe_overflow_boulevard
D:4:      layout_basic, minmay_stone_trees_small, uniq_natasha
D:5:      layout_loops_ring, lemuel_blue_sif_altar, uniq_menkaure
D:6:      layout_basic, mainiacjoe_overflow_catwalk_spiral,
          ebering_ghost_sewer_d, serial_bayou_pond_c, dk_noncrumbling_4,
          roderic_st_hans_cross, uniq_maggie
D:7:      layout_basic, nicolae_vehumet_radiance, nemelex_altar_shiori,
          mainiacjoe_overflow_catwalk, minmay_temple_entry_trees,
          chequers_serial_rivers_micro_a

Skill      XL: |  1  2  3  4  5  6  7  8 |
---------------+-------------------------+-----
Armour         | 4 5 6 7 |  7.5
Fighting       | 4 5 |  5.2
Shields        | 4 5 6 |  6.6
Axes           | 3 4 5 6 |  6.8
Dodging        | 1 2 |  2.1
Stealth        | |  0.6

Action                   |  1- 3 |  4- 6 |  7- 9 || total
-------------------------+-------+-------+-------++-------
Melee: War axe           |    86 |    92 |    51 ||   229
       Headbutt          |    12 |    16 |    15 ||    43
Invok: Berserk           |       |     3 |     3 ||     6
Armor: Scale mail        |    41 |    31 |    13 ||    85
Dodge: Dodged            |    31 |    26 |    37 ||    94
Block: Kite shield       |    54 |    43 |    38 ||   135
